 Seeded DCSS version 0.31-a0-360-gb3e1d13bf4 (webtiles) character file.

Game seed: 13532415758814214178 (custom seed)

15144 innerfire43 the Mimic (level 11, -3/78 HPs)
             Began as a Demonspawn Monk on July 26, 2023.
             Was the Champion of Cheibriados.
             Shot with an arrow by a centaur warrior (14 damage)
             ... on level 13 of the Dungeon.
             The game lasted 00:18:08 (12208 turns).

innerfire43 the Mimic (Demonspawn Monk)            Turns: 12208, Time: 00:18:09

Health: -3/78      AC:  7    Str: 35    XL:     11   Next: 98%
Magic:  2/17       EV: 14    Int: 40    God:    Cheibriados [******]
Gold:   756        SH:  8    Dex: 30    Spells: 12/18 levels left

rFire   + . .        a - +8 halberd "Deughelu" {flame, Contam +Blink rC+ Int+9}
rCold   + . .        (shield currently unavailable)
rNeg    . . .        D - +2 ring mail {rF+}
rPois   .            (helmet currently unavailable)
rElec   .            (cloak currently unavailable)
rCorr   .            (gloves currently unavailable)
SInv    .            (boots currently unavailable)
Will    .....        (no amulet)
Stlth   ++           s - ring of wizardry
HPRegen 0.33/turn    H - +6 ring of intelligence
MPRegen 0.15/turn

%: clarity, wizardry (x1)
@: beast-form, very slow
A: beast (slay +7), hooves 2, large bone plates 3, foul stench 3, clarity,
strong 1, wild magic 1
a: Begin Untransformation, Renounce Religion, Evoke Blink, Bend Time, Temporal
Distortion, Slouch, Step From Time


You were on level 13 of the Dungeon.
You worshipped Cheibriados.
Cheibriados was exalted by your worship.
You were a hulking beast.
You visited 2 branches of the dungeon, and saw 14 of its levels.
You also visited: Sewer.

You collected 943 gold pieces.
You spent 187 gold pieces at shops.

Inventory:

Hand Weapons
 a - the +8 halberd "Deughelu" (weapon) {flame, Contam +Blink rC+ Int+9}
   (You acquired it on level 10 of the Dungeon)

   Int:       It affects your intelligence (+9).
   rC:        It protects you from cold.
   +Blink:    It lets you blink.
   Contam:    It causes magical contamination when unequipped.
 b - a +4 orcbow
 p - the +5 trident "Spiderbane" {protect, rF+}
   (You bought it in a shop on level 3 of the Dungeon)

   rF:        It protects you from fire.
 z - a +0 spear
 L - the +6 scimitar of Elekez {flame, Stlth+}
   (You found it on level 12 of the Dungeon)

   Stlth:     It makes you more stealthy.
Missiles
 F - 4 throwing nets
Armour
 d - an orb of light
 D - a +2 ring mail of fire resistance (worn)
 M - a +0 robe
 N - a +1 cloak
Jewellery
 s - a ring of wizardry (left hand)
 H - a +6 ring of intelligence (right hand)
Talismans
 f - a serpent talisman
 j - a beast talisman
Wands
 t - a wand of flame (35) (quivered)
 w - a wand of light (21)
 C - a wand of mindburst (21)
 G - a wand of iceblast (12)
 I - a wand of polymorph (7)
Scrolls
 e - a scroll of enchant armour
 g - a scroll of summoning {unknown}
 k - 5 scrolls of poison {unknown}
 m - 3 scrolls of fog {unknown}
 n - 2 scrolls of teleportation {unknown}
 o - a scroll of revelation {unknown}
 u - a scroll of amnesia {unknown}
 v - 2 scrolls of noise {unknown}
 y - a scroll of vulnerability {unknown}
 J - a scroll of identify
 K - a scroll of fear
Potions
 c - a potion of ambrosia
 h - 2 potions of curing {unknown}
 i - a potion of enlightenment {unknown}
 l - 2 potions of might
 q - 2 potions of invisibility
 r - 6 potions of brilliance
 x - a potion of haste
 A - 2 potions of cancellation
 B - 2 potions of resistance
 E - a potion of attraction


   Skills:
 + Level 4.6 Fighting
 + Level 9.3 Polearms
 + Level 2.5 Ranged Weapons
 - Level 3.0 Armour
 - Level 3.0 Dodging
 * Level 4.4 Spellcasting
 * Level 4.4 Translocations
 - Level 11.0 Shapeshifting


You had 12 spell levels left.
You knew the following spells:

 Your Spells              Type           Power      Damage    Failure   Level
a - Manifold Assault      Tloc           55%        N/A       4%          4
b - Blink                 Tloc           100%       N/A       1%          2

Your spell library contained the following spells:

 Spells                   Type           Power      Damage    Failure   Level
 Lesser Beckoning         Tloc           100%       N/A       1%          2
 Momentum Strike          Conj/Tloc      68%        3d9       1%          2
 Magic Dart               Conj           44%        1d5       2%          1
 Cigotuvi's Dreadful Rot  Necr/Pois/Air  22%        N/A       4%          2
 Ensorcelled Hibernation  Hex/Ice        22%        N/A       4%          2
 Scorch                   Fire           22%        2d6       4%          2
 Searing Ray              Conj           22%        2d5       4%          2
 Sublimation of Blood     Necr           11%        N/A       4%          2
 Wereblood                Tmut           11%        N/A       4%          2
 Ignite Poison            Fire/Tmut/Pois 11%        N/A       8%          3
 Anguish                  Hex/Necr       5%         N/A       21%         4
 Flame Wave               Conj/Fire      11%        2d6       21%         4
 Fulminant Prism          Conj/Hex       5%         3d7       21%         4
 Freezing Cloud           Conj/Ice/Air   5%         6-21      47%         5
 Summon Cactus Giant      Summ           5%         N/A       95%         6
 Summon Hydra             Summ           5%         N/A       100%        7


Dungeon Overview and Level Annotations

Branches:
Dungeon (13/15)            Temple (1/1) D:4            Lair (0/5) D:8
    Orc (0/2) D:11          Sewer (visited)
 Vaults: D:13-14

Altars:
Ashenzari
Cheibriados
Dithmenos
Fedhas
Gozag
Hepliaklqana
Kikubaaqudgha
Makhleb
Nemelex Xobeh
Okawaru
Qazlal
Ru
Sif Muna
Trog
Uskayaw
Vehumet
Wu Jian
Xom
Yredelemnul

Shops:
D:3 (


Innate Abilities, Weirdness & Mutations

You are a hulking beast.
Your limbs bulge with bestial killing power. (Slay +7)
You have hoof-like feet.
You are completely covered in large bone plates. (SH +8)
You frequently emit foul miasma when damaged in melee.
You possess an exceptional clarity of mind.
Your muscles are strong. (Str +4, Int/Dex -1)
Your spells are a little harder to cast, but a little more powerful.


Message History

Okay, then.
Casting: Manifold Assault (dangerous; 4% risk of failure)
Confirm with . or Enter, or press ? or * to list all spells.
Space momentarily warps into an impossible shape!
You slash the orc wizard! You burn the orc wizard. You barely miss the orc.
You slash the orc priest! You burn the orc priest!
You kill the orc priest!
Cheibriados appreciates the change of pace.
You closely miss the orc wizard. You kick the orc wizard.
You kill the orc wizard!
Cheibriados appreciates the change of pace.
An orc comes into view. It is wielding a +0 short sword.
Something hits you.
Okay, then.
Casting: Manifold Assault (dangerous; 4% risk of failure)
Confirm with . or Enter, or press ? or * to list all spells.
Space momentarily warps into an impossible shape!
The orc shouts!
You slice the orc!! You burn the orc.
You kill the orc!
Cheibriados appreciates the change of pace.
You slice the orc!! You burn the orc.
You kill the orc!
Cheibriados appreciates the change of pace.
You block something's attack.
A centaur warrior comes into view.
Something hits you but does no damage.
You miss something.
The centaur warrior wields a +0 shortbow.
The centaur warrior shoots an arrow.
The arrow hits you! Something hits you but does no damage.
You impale something!! You burn something.
Cheibriados appreciates the change of pace.
Reactivating autopickup.
You feel a bit more experienced.
The centaur warrior shoots an arrow.
The arrow hits you!
* * * LOW HITPOINT WARNING * * *
The centaur warrior shoots an arrow.
You block the arrow.
The centaur warrior shoots an arrow.
The arrow hits you!
You die...

#.#....#....# #... ..
#.#....#....# #...
#.####......#....# #...
#...........#....# #...
............#....####...
).....>.................
.)?..............####...
...c.............# #...
..)...)h....#....# #...
#........####....# #...
#......."# #....# #...
#.....?..# ###### #...
#........# ####
########.# #.# #.# #.#


You could see a centaur warrior.

Vanquished Creatures
  2 boulder beetles
  A tengu warrior (D:13)
  3 two-headed ogres
  A manticore (D:12)
  2 ugly things
  A cyclops (D:13)
  2 gargoyles
  Psyche (D:9)
  3 unseen horrors
  A tengu conjurer (D:13)
  A kobold demonologist (D:10)
  Sigmund (D:5)
  2 shadows (D:13)
  A wraith (D:12)
  A wyvern (D:11)
  5 yaks (D:10)
  A vampire (D:10)
  A basilisk (D:12)
  8 vampire mosquitoes
  4 steam dragons
  3 wargs (D:8)
  An acid dragon (D:9)
  3 water moccasins
  Duvessa (D:4)
  2 ice beasts
  An orc warrior (D:6)
  A black bear (D:5)
  A sky beast (D:7)
  2 ogres
  7 centaurs
  A kobold brigand (D:8)
  A phantom (D:4)
  3 bullfrogs
  4 scorpions
  2 gnoll sergeants
  4 wights (D:8)
  Dowan (D:4)
  5 howler monkeys
  7 electric eels
  A hound (D:5)
  2 jellies
  A gnoll bouda (D:8)
  9 orc priests
  2 sleepcaps (D:4)
  5 iguanas
  14 orc wizards
  7 adders
  12 gnolls
  3 river rats
  A shadow imp (D:6)
  A white imp (D:5)
  3 worms
  2 dart slugs
  28 orcs
  18 ball pythons
  5 endoplasms
  4 giant cockroaches
  5 goblins
  4 hobgoblins
  2 jackals (D:5)
  11 kobolds
  2 quokkas (D:3)
  9 bats
  8 frilled lizards
  28 rats
  2 butterflies (D:5)
281 creatures vanquished.

Notes
Turn   | Place    | Note
-------+----------+-------------------------------------------
     0 | D:1      | innerfire43 the Demonspawn Monk began the quest for the
                  | Orb.
     0 | D:1      | Reached XP level 1. HP: 18/18 MP: 1/1
   135 | D:1      | Gained mutation: You are partially covered in large bone
                  | plates. (SH +4) [demonic ancestry]
   135 | D:1      | Reached XP level 2. HP: 24/24 MP: 2/2
   223 | D:1      | Reached skill level 1 in Shapeshifting
   581 | D:2      | Gained mutation: You have large cloven feet. [demonic
                  | ancestry]
   581 | D:2      | Reached XP level 3. HP: 29/29 MP: 3/3
  1383 | D:3      | Found a transporter.
  1388 | D:3      | Found a transporter.
  1436 | D:3      | Found Heteeque's Antique Weapon Boutique.
  1444 | D:3      | Bought a pitted trident for 187 gold pieces
  1444 | D:3      | Identified the +5 trident "Spiderbane" {protect, rF+} (You
                  | bought it in a shop on level 3 of the Dungeon)
  1652 | D:3      | Reached skill level 2 in Shapeshifting
  1946 | D:3      | Gained mutation: You may rarely emit foul miasma when
                  | damaged in melee. [demonic ancestry]
  1946 | D:3      | Reached XP level 4. HP: 35/35 MP: 4/4
  2109 | D:3      | Reached skill level 3 in Shapeshifting
  2109 | D:3      | Reached XP level 5. HP: 22/41 MP: 5/5
  2271 | D:4      | Found a staircase to the Ecumenical Temple.
  2286 | Temple   | Entered the Ecumenical Temple
  2314 | Temple   | Became a worshipper of Cheibriados the Contemplative
  2314 | Temple   | Reached * piety under Cheibriados
  2314 | Temple   | Reached ** piety under Cheibriados
  2408 | D:4      | Noticed a phantom
  2412 | D:4      | Killed a phantom
  2413 | D:4      | Reached skill level 1 in Armour
  2413 | D:4      | Reached XP level 6. HP: 47/47 MP: 6/6
  2538 | D:4      | Noticed Dowan
  2538 | D:4      | Noticed Duvessa
  2552 | D:4      | Killed Duvessa
  2553 | D:4      | Reached skill level 4 in Shapeshifting
  2557 | D:4      | Killed Dowan
  2558 | D:4      | Reached XP level 7. HP: 43/52 MP: 7/7
  3001 | D:5      | Entered Level 5 of the Dungeon
  3027 | D:5      | Noticed Sigmund
  3036 | D:5      | Killed Sigmund
  3074 | D:5      | Found a glowing drain.
  3089 | Sewer    | Entered a sewer
  3145 | Sewer    | Reached *** piety under Cheibriados
  3330 | Sewer    | Reached **** piety under Cheibriados
  3357 | Sewer    | Reached skill level 5 in Polearms
  3544 | D:5      | Reached skill level 5 in Shapeshifting
  3577 | D:5      | Gained mutation: You are mostly covered in large bone
                  | plates. (SH +6) [demonic ancestry]
  3577 | D:5      | Reached XP level 8. HP: 42/58 MP: 8/8
  3815 | D:5      | Found a shimmering altar of Xom.
  4013 | D:5      | Found an ancient bone altar of Kikubaaqudgha.
  4164 | D:5      | Reached skill level 6 in Shapeshifting
  4427 | D:6      | Reached ***** piety under Cheibriados
  4476 | D:6      | Gained mutation: You sometimes emit foul miasma when
                  | damaged in melee. [demonic ancestry]
  4476 | D:6      | Reached XP level 9. HP: 36/63 MP: 9/9
  5081 | D:6      | Identified the +4 whip "Giant's Toothpick" {heavy, Str+3}
  5284 | D:7      | Reached skill level 7 in Shapeshifting
  6573 | D:8      | Gained mutation: Your muscles are strong. (Str +4, Int/Dex
                  | -1) [potion of mutation]
  6573 | D:8      | Gained mutation: You have hoof-like feet. [potion of
                  | mutation]
  6573 | D:8      | Gained mutation: You possess an exceptional clarity of
                  | mind. [potion of mutation]
  6573 | D:8      | Gained mutation: Your spells are a little harder to cast,
                  | but a little more powerful. [potion of mutation]
  6723 | D:8      | Identified the +4 hand axe of Xom's Brutal Revenge {flame,
                  | rPois}
  6754 | D:8      | Reached skill level 8 in Shapeshifting
  6786 | D:8      | Found a staircase to the Lair.
  6796 | D:8      | Gained mutation: You frequently emit foul miasma when
                  | damaged in melee. [demonic ancestry]
  6796 | D:8      | Reached XP level 10. HP: 24/70 MP: 10/10
  7173 | D:8      | Found a shadowy altar of Dithmenos.
  7598 | D:9      | Noticed a two-headed ogre
  7609 | D:9      | Killed a two-headed ogre
  7610 | D:9      | Reached skill level 9 in Shapeshifting
  7916 | D:9      | Noticed Psyche
  7927 | D:9      | Killed Psyche
  8277 | D:9      | Found a hide-covered altar of Uskayaw.
  8310 | D:9      | Found a sacrificial altar of Ru.
  8367 | D:10     | Entered Level 10 of the Dungeon
  8397 | D:10     | Identified a scroll of acquirement
  8397 | D:10     | Acquired the +8 halberd "Deughelu" {flame, Contam +Blink
                  | rC+ Int+9}
  8495 | D:10     | Reached ****** piety under Cheibriados
  8501 | D:10     | Reached skill level 10 in Shapeshifting
  8905 | D:10     | Noticed a two-headed ogre
  8908 | D:10     | Killed a two-headed ogre
  9182 | D:11     | Noticed a gargoyle
  9185 | D:11     | Killed a gargoyle
  9186 | D:11     | Gained mutation: You are completely covered in large bone
                  | plates. (SH +8) [demonic ancestry]
  9186 | D:11     | Reached XP level 11. HP: 39/75 MP: 11/11
  9303 | D:11     | Noticed a boulder beetle
  9315 | D:11     | Killed a boulder beetle
  9316 | D:11     | Reached skill level 11 in Shapeshifting
  9381 | D:11     | Found a staircase to the Orcish Mines.
  9391 | D:11     | Learned a level 4 spell: Manifold Assault
  9446 | D:11     | Reached skill level 1 in Spellcasting
  9446 | D:11     | Reached skill level 1 in Translocations
 10382 | D:11     | Learned a level 2 spell: Blink
 10841 | D:12     | Identified the +6 scimitar of Elekez {flame, Stlth+}
 10894 | D:12     | Noticed a cyan ugly thing
 10898 | D:12     | Killed a cyan ugly thing
 11035 | D:12     | Noticed a two-headed ogre
 11041 | D:12     | Killed a two-headed ogre
 11042 | D:12     | Reached skill level 1 in Ranged Weapons
 11818 | D:13     | Noticed a tengu warrior
 11825 | D:13     | Killed a tengu warrior
 11891 | D:13     | Noticed a boulder beetle
 11901 | D:13     | Killed a boulder beetle
 12167 | D:13     | Noticed a purple ugly thing
 12173 | D:13     | Killed a purple ugly thing
 12205 | D:13     | Noticed a centaur warrior
 12208 | D:13     | Shot with an arrow by a centaur warrior

Illustrated notes

Levels and vault maps discovered:
D:1:      scummos_arrival_simple_crosswalls, layout_rooms
D:2:      layout_basic
D:3:      gammafunk_steamed_eel, layout_loops_corners, serial_shops, shop,
          minmay_gold_behind_fungi, dk_noncrumbling_3
D:4:      layout_loops_ring, minmay_temple_entry_butterflies, uniq_duvessa
D:5:      layout_loops_ring, xom_butterflies, mainiacjoe_overflow_24_doors,
          portal_sewer_entry_b, minmay_statues_item, uniq_sigmund
D:6:      layout_gridville
D:7:      layout_layer_cave, serial_bayou_lake_a
D:8:      layout_basic, mainiacjoe_overflow_paths, erik_lair_orcish_takeover
D:9:      layout_rooms, mainiacjoe_overflow_two_lobes, uniq_psyche
D:10:     layout_roguey
D:11:     layout_layer_cave, orc_0_dummy
D:12:     layout_loops_ring, grunt_ogre_cave, kb_lookout_dungeons_type,
          chequers_serial_rivers_room_a
D:13:     layout_basic
Temple:   bh_familiar_temple

Skill      XL: |  1  2  3  4  5  6  7  8  9 10 11 |
---------------+----------------------------------+-----
Shapeshifting  | 1 2 3 4 5 6 8 10 11 | 11.0
Polearms       | 3 4 5 6 8 9 |  9.3
Dodging        | 3 |  3.0
Armour         | 1 2 3 |  3.0
Spellcasting   | 4 |  4.4
Translocations | 4 |  4.4
Ranged Weapons | 2 |  2.5
Fighting       | 4 |  4.6

Action                     |  1- 3 |  4- 6 |  7- 9 | 10-12 || total
---------------------------+-------+-------+-------+-------++-------
  Melee: Spear             |    90 |       |       |       ||    90
         Trident           |    13 |    43 |   287 |    49 ||   392
         Kick              |     8 |    18 |    65 |    47 ||   138
         Halberd           |       |       |       |   123 ||   123
         Unarmed           |       |       |       |     5 ||     5
   Cast: Manifold Assault  |       |       |       |     7 ||     7
  Evoke: Wand              |       |     9 |     8 |     5 ||    22
    Use: Potion            |       |     1 |     2 |     3 ||     6
         Scroll            |       |       |    10 |     3 ||    13
   Stab: Sleeping          |       |       |       |     2 ||     2
 Armour: Robe              |     9 |     6 |    65 |       ||    80
         Ring mail         |       |       |    27 |    64 ||    91
         Skin              |       |       |       |     1 ||     1
  Dodge: Dodged            |    27 |    19 |   188 |   113 ||   347
  Block: Orb               |     8 |     5 |    70 |    25 ||   108
         Other             |       |       |       |    45 ||    45
   Form: Beast             |     2 |       |       |       ||     2
                           |     1 |       |       |       ||     1

Table legend: (Time is in decaauts)
 A = Elapsed time spent in this place.
 B = Non-inter-level travel time spent in this place.
 C = Inter-level travel time spent in this place.
 D = Time resting spent in this place.
 E = Time spent auto-exploring this place.
 F = Levels seen in this place.
 G = Mean time per level.
                   A        B        C        D        E       F      G
               +--------+--------+--------+--------+--------+-----+--------+
         Total |  17634 |  16863 |    771 |      0 |  14731 |  15 | 1175.6 |
       Dungeon |  17022 |  16308 |    714 |      0 |  14357 |  13 | 1309.4 |
        Temple |     64 |      8 |     56 |      0 |      0 |   1 |   64.0 |
         Sewer |    547 |    547 |      0 |      0 |    373 |   1 |  547.0 |
               +--------+--------+--------+--------+--------+-----+--------+

Top non-repeatable levels by time:
    D:11: 2853 daAuts
     D:7: 2039 daAuts
    D:12: 1824 daAuts
     D:8: 1736 daAuts
     D:6: 1494 daAuts
     D:5: 1332 daAuts
     D:3: 1137 daAuts
     D:9: 1036 daAuts
     D:4: 955 daAuts
    D:10: 939 daAuts
     D:2: 658 daAuts
    D:13: 547 daAuts
   Sewer: 547 daAuts
     D:1: 466 daAuts
  Temple: 64 daAuts
